 Dungeon Crawl Stone Soup version 0.19.5 (webtiles) character file.

18 tidbits the Charmwright (level 2, 0/19 HPs)
             Began as a High Elf Skald on Dec 12, 2017.
             Slain by an adder (3 damage)
             ... on level 2 of the Dungeon.
             The game lasted 00:03:48 (446 turns).

tidbits the Charmwright (High Elf Skald)             Turns: 446, Time: 00:03:49

Health: 0/19       AC:  4    Str: 11    XL:     2   Next: 51%
Magic:  4/6        EV: 11    Int: 15    God:
Gold:   27         SH:  0    Dex: 14    Spells: 3 memorised, 1 level left

rFire  . . .     SeeInvis +     a - +0 falchion
rCold  . . .     Gourm    .     b - +1 leather armour
rNeg   . . .     Faith    .     (no shield)
rPois  .         Spirit   .     (no helmet)
rElec  .         Reflect  .     (no cloak)
rCorr  .         Harm     .     (no gloves)
MR     .....                    (no boots)
Stlth  +.........               (no amulet)
                                (no ring)
                                i - ring of see invisible

@: lethally poisoned (0 -> -3), infused
A: no striking features
a: no special abilities


You were on level 2 of the Dungeon.
You were not hungry.

You visited 1 branch of the dungeon, and saw 2 of its levels.

You collected 27 gold pieces.

Inventory:

Hand Weapons
 a - a +0 falchion (weapon)
 g - a +0 dagger
   (You took it off a kobold on level 1 of the Dungeon)
Missiles
 h - 3 stones (quivered)
Armour
 b - a +1 leather armour (worn)
Jewellery
 i - a ring of see invisible (left hand)
   (You found it on level 1 of the Dungeon)
Scrolls
 e - a scroll of enchant armour
 j - a scroll of identify {unknown}
Books
 c - a book of Battle

   Spells                             Type                      Level
   a - Infusion                       Charms                       1
   b - Shroud of Golubria             Charms/Translocation         2
   c - Song of Slaying                Charms                       2
   d - Spectral Weapon                Hexes/Charms                 3
   e - Regeneration                   Charms/Necromancy            3
Comestibles
 d - a bread ration
 f - a meat ration


   Skills:
 - Level 2.2 Fighting
 + Level 3.0 Long Blades
 - Level 1.1 Armour
 - Level 1.3 Dodging
 - Level 2.5 Spellcasting
 - Level 3.7 Charms


You had one spell level left.
You knew the following spells:

 Your Spells              Type           Power        Failure   Level  Hunger
g - Shroud of Golubria    Chrm/Tloc      #.........   21%         2    ###....
i - Infusion              Chrm           ##..         10%         1    #......
y - Song of Slaying       Chrm           ##......     12%         2    ###....


Dungeon Overview and Level Annotations

Branches:
Dungeon (2/15)

Altars:


Message History

You closely miss the bat. The bat barely misses you.
You closely miss the bat. The bat hits you.
You hit the goblin!
You kill the goblin!
The bat barely misses you.
You riposte.
You closely miss the bat. The rat bites you but does no damage.
You barely miss the rat. The rat closely misses you.
The bat completely misses you. The rat bites you.
You hit the rat.
You kill the rat!
The bat barely misses you.
You riposte.
You hit the bat.
You kill the bat!
You now have 27 gold pieces (gained 9).
You see here a rat corpse.
Your magical infusion is running out.
You see here a rat corpse.
You are no longer magically infusing your attacks.
There is a stone staircase leading down here.
A rat comes into view.
You hit the rat.
The rat is moderately wounded.
The rat bites you but does no damage. The rat barely misses you.
You riposte.
You barely miss the rat.
The rat is moderately wounded.
You completely miss the rat.
The rat is moderately wounded.
The rat closely misses you.
You hit the rat.
You kill the rat!
There is a stone staircase leading down here.
HP restored.
You climb downwards.
There is a stone staircase leading up here.
You open the door.
Found a stone staircase leading down.
There is an open door here.
There is a stone staircase leading down here.
You open the door.
Found a scroll labeled FUP UCAMAENTOI.
There is an open door here.
Why would you want to do that?
A bat comes into view.
The bat misses you.
Casting: Infusion
Confirm with . or Enter, or press ? or * to list all spells.
You begin infusing your attacks with magical energy.
The bat hits you. The bat closely misses you.
You riposte.
You closely miss the bat. The bat closely misses you.
You riposte.
You barely miss the bat. The bat hits you.
You barely miss the bat. The bat misses you.
You riposte.
You barely miss the bat. Why would you want to do that?
The bat barely misses you. The bat hits you.
You hit the bat!
You kill the bat!
Your Long Blades skill increases to level 3!
You see here a bat corpse.
Your magical infusion is running out.
You are no longer magically infusing your attacks.
Magic restored.
j - a scroll labeled FUP UCAMAENTOI HP restored.
You see here a bat corpse.
You open the door.
An adder comes into view.
The adder hisses angrily.
Found 23 bolts.
Casting: Infusion
Confirm with . or Enter, or press ? or * to list all spells.
You begin infusing your attacks with magical energy.
The adder bites you. The adder barely misses you.
You closely miss the adder. The adder closely misses you.
You closely miss the adder. The adder bites you. x2
You are poisoned.
The adder poisons you!
You barely miss the adder.
You feel sick. The adder bites you.
* * * LOW HITPOINT WARNING * * *
You miss the adder. The adder barely misses you. The adder closely misses you.
You aren't carrying any potions.
Unknown command.
You closely miss the adder. The adder bites you.
* * * LOW HITPOINT WARNING * * *
You closely miss the adder.
You feel sick. The adder misses you.
You riposte.
You hit the adder.
The adder is lightly wounded.
The adder misses you.
You hit the adder.
The adder is severely wounded.
The adder bites you.
* * * LOW HITPOINT WARNING * * *
Unknown command.
Okay, then.
As you read the scroll labeled UJOKHL POFOXUE, it crumbles to dust.
It is a scroll of enchant armour.
Your +0 leather armour glows green for a moment.
The adder bites you.
You die...

#≈.≈.≈§≈≈§§.§#
#≈.≈.≈....§.≈#
#≈.≈.≈.≈§.≈.≈#
#≈§≈.≈§§§§§.≈#
#≈§≈.≈§§≈.≈.≈#
#≈§§..§§..≈†≈#
#≈.≈≈≈§≈≈≈≈.≈#
#≈.§........≈#
#§≈§≈≈≈≈§≈§@≈#
###########S##
..# ..## #..
#.. .(. ....


You could see an adder.

Vanquished Creatures
  A worm (D:2)
  A leopard gecko (D:1)
  A hobgoblin (D:1)
  3 jackals (D:1)
  3 bats
  A goblin (D:1)
  2 kobolds (D:1)
  3 rats (D:1)
15 creatures vanquished.

Notes
Turn   | Place    | Note
-------+----------+-------------------------------------------
     0 | D:1      | tidbits the High Elf Skald began the quest for the Orb.
     0 | D:1      | Reached XP level 1. HP: 14/14 MP: 4/4
    54 | D:1      | Reached skill level 1 in Armour
   177 | D:1      | Reached XP level 2. HP: 16/19 MP: 2/6
   181 | D:1      | Learned a level 2 spell: Song of Slaying
   184 | D:1      | Learned a level 2 spell: Shroud of Golubria
   377 | D:2      | Reached skill level 3 in Long Blades
   446 | D:2      | Slain by an adder

Skill      XL: |  1  2 |
---------------+-------+-----
Armour         | 1 |  1.1
Long Blades    | 3 |  3.0
Fighting       | |  2.2
Dodging        | |  1.3
Spellcasting   | |  2.5
Charms         | |  3.7

Action                   || total
-------------------------++-------
Melee: Falchion          ||    35
 Cast: Infusion          ||     8
       Shroud of Golubri ||     1
  Use: Scroll            ||     1
Armor: Leather armour    ||     9
Dodge: Dodged            ||    31
       Rpst.: Falchion   ||    12

Table legend:
 A = Turns spent in this place as a percentage of turns spent in the entire game.
 B = Non-inter-level travel turns spent in this place as a percentage of non-inter-level travel turns spent in the entire game.
 C = Inter-level travel turns spent in this place as a percentage of turns spent in this place.
 D = Turns resting spent in this place as a percentage of non-inter-level travel turns spent in this place.
 E = Turns spent auto-exploring this place as a percentage of non-inter-level travel turns spent in this place.
 F = Non-inter-level travel turns spent in this place divided by the number of levels of this place that you've seen.
                   A       B       C       D       E      F
               +-------+-------+-------+-------+-------+----------------------
         Total | 100.0 | 100.0 |   0.5 |   0.0 |   0.0 | 185.5
       Dungeon | 100.0 | 100.0 |   0.5 |   0.0 |   0.0 | 185.5
               +-------+-------+-------+-------+-------+----------------------

Table legend:
 A = Kills in this place as a percentage of kills in entire the game.
 B = Kills by you in this place as a percentage of kills by you in the entire game.
 C = Kills by friends in this place as a percentage of kills by friends in the entire game.
 D = Other kills in this place as a percentage of other kills in the entire game.
 E = Experience gained in this place as a percentage of experience gained in the entire game.
 F = Experience gained in this place divided by the number of levels of this place that you have seen.
                   A       B       C       D       E      F
               +-------+-------+-------+-------+-------+----------------------
         Total | 100.0 | 100.0 |  -nan |  -nan | 100.0 |  13.5
       Dungeon | 100.0 | 100.0 |  -nan |  -nan | 100.0 |  13.5
               +-------+-------+-------+-------+-------+----------------------

Vault maps used:
D:1:      eino_arrival_water_star
D:2:      corner_web_ring, kennysheep_small_spiral
